 Dungeon Crawl Stone Soup version 0.30-a0-322-g102857c98e (webtiles) character file.

Game seed: 15964082145196442396

177115 Lanoc the Unseen (level 18, -4/120 HPs)
             Began as a Kobold Delver on Oct 27, 2022.
             Was the Champion of Cheibriados.
             Shot with an arrow by Vashnia (28 damage)
             ... on level 4 of the Snake Pit on Oct 28, 2022.
             The game lasted 00:59:24 (29578 turns).

Lanoc the Unseen (Kobold Delver)                   Turns: 29578, Time: 00:59:25

Health: -4/120     AC: 11    Str: 26    XL:     18   Next: 82%
Magic:  0/18       EV: 38    Int: 27    God:    Cheibriados [******]
Gold:   2269       SH: 17    Dex: 35    Spells: 9/17 levels left

rFire   + + +      SeeInvis .    H - +9 dagger "Tiull" {distort, rC+}
rCold   . . .      Faith    .    T - +1 kite shield {rF+}
rNeg    + + .      Spirit   +    r - +3 salamander hide armour {Flames rF++ rC--}
rPois   +          Reflect  .    R - +1 hat
rElec   .          Harm     .    (no cloak)
rCorr   .          Rampage  .    b - +2 pair of gloves
Will    +++++                    (no boots)
Stlth   +++++++++.               S - amulet of Enedad {Spirit Fragile +Blink Will+++ Dex-4}
HPRegen 0.40/turn                P - ring of the Equinox {rC+ rN+ Will+ Dex+5}
MPRegen 0.16/turn                z - ring of Pyromania {rPois rN+ Dex-3 Slay+2}

@: lethally poisoned (-4 -> -8), very slow
A: small, no large weapons, nightstalker 3
a: Renounce Religion, Evoke Blink, Bend Time, Temporal Distortion, Slouch, Step
From Time


You were on level 4 of the Snake Pit.
You worshipped Cheibriados.
Cheibriados was exalted by your worship.
You visited 6 branches of the dungeon, and saw 28 of its levels.
You visited 1 bazaar.

You collected 3001 gold pieces.
You spent 732 gold pieces at shops.

Inventory:

Hand Weapons
 x - the +6 dagger of Zin's Anger {vorpal, rF+ Will+}
   (You found it on level 4 of the Dungeon)

   It inflicts extra damage upon your enemies.
   rF:        It protects you from fire.
   Will:      It increases your willpower.
 H - the +9 dagger "Tiull" (weapon) {distort, rC+}
   (You took it off a kobold brigand on level 7 of the Dungeon)

   It warps and distorts space around it, and may blink, banish, or inflict
   extra damage upon those it strikes.
   Unwielding it can cause banishment or high damage.
   rC:        It protects you from cold.
Missiles
 I - 5 curare-tipped darts (quivered)
Armour
 b - a +2 pair of gloves (worn)
 r - the +3 salamander hide armour (worn) {Flames rF++ rC--}
   (You found it on level 15 of the Dungeon)

   It surrounds you with a cloud of flames.
   It grants immunity to clouds of flame.
   It enhances your fire magic.
   rF:        It greatly protects you from fire.
   rC:        It makes you very vulnerable to cold.
 u - the +18 Lear's hauberk
   (You found it on level 11 of the Dungeon)
 R - a +1 hat (worn)
 T - a +1 kite shield of fire resistance (worn)
 W - the +2 pair of gloves "Xianlegu" {rF- rC- rCorr Int+7}
   (You found it on level 1 of the Snake Pit)

   Int:       It affects your intelligence (+7).
   rF:        It makes you vulnerable to fire.
   rC:        It makes you vulnerable to cold.
   rCorr:     It protects you from acid and corrosion.
Jewellery
 f - a ring of flight
 z - the ring of Pyromania (right hand) {rPois rN+ Dex-3 Slay+2}
   (You bought it in a shop on level 15 of the Dungeon)

   [ring of poison resistance]

   Dex:       It affects your dexterity (-3).
   Slay:      It affects your accuracy & damage with ranged weapons and melee
   (+2).
   rPois:     It protects you from poison.
   rN:        It protects you from negative energy.
 N - a +4 ring of slaying
 O - a ring of resist corrosion
 P - the ring of the Equinox (left hand) {rC+ rN+ Will+ Dex+5}
   (You found it on level 3 of the Lair of Beasts)

   [ring of willpower]

   Dex:       It affects your dexterity (+5).
   rC:        It protects you from cold.
   rN:        It protects you from negative energy.
   Will:      It increases your willpower.
 S - the amulet of Enedad (around neck) {Spirit Fragile +Blink Will+++ Dex-4}
   (You found it on level 13 of the Dungeon)

   [amulet of guardian spirit]

   It causes incoming damage to be divided between your reserves of health and
   magic.
   Dex:       It affects your dexterity (-4).
   +Blink:    It lets you blink.
   Fragile:   It will be destroyed if unequipped.
   Will:      It greatly increases your willpower.
 X - a ring of poison resistance
Wands
 g - a wand of digging (9)
 j - a wand of charming (1)
 D - a wand of flame (32)
 E - a wand of quicksilver (18)
 F - a wand of iceblast (36)
 J - a wand of mindburst (16)
 L - a wand of polymorph (20)
Scrolls
 c - 3 scrolls of fog
 d - 6 scrolls of magic mapping
 e - a scroll of fear
 h - 3 scrolls of vulnerability
 k - 5 scrolls of poison
 n - 3 scrolls of enchant weapon
 q - 7 scrolls of enchant armour
 s - 3 scrolls of immolation
 y - 2 scrolls of silence
 B - 8 scrolls of brand weapon
 C - 17 scrolls of teleportation
 G - a scroll of blinking
 M - 4 scrolls of amnesia
 U - 6 scrolls of identify
 V - 3 scrolls of torment
Potions
 a - 5 potions of resistance
 i - 4 potions of brilliance
 m - 7 potions of curing
 o - 4 potions of magic
 p - 3 potions of invisibility
 t - 10 potions of lignification
 v - a potion of cancellation
 A - 6 potions of might
 K - 3 potions of attraction
 Q - 3 potions of ambrosia
Miscellaneous
 l - a phantom mirror
 w - a condenser vane


   Skills:
 + Level 16.2 Fighting
 - Level 8.0 Short Blades
 - Level 10.6 Armour
 + Level 17.4 Dodging
 - Level 20.2 Stealth
 * Level 10.0 Shields
 * Level 11.7 Fire Magic


You had 9 spell levels left.
You knew the following spells:

 Your Spells              Type           Power      Damage    Failure   Level
a - Ignition              Fire           38%        3d11      100%        8

Your spell library contained the following spells:

 Spells                   Type           Power      Damage    Failure   Level
 Ignite Poison            Fire/Tmut/Pois 31%        N/A       26%         3
 Sticky Flame             Conj/Fire      47%        2d6       36%         4
 Slow                     Hex            0%         N/A       38%         1
 Sting                    Tmut/Pois      0%         1d3       38%         1
 Blink                    Tloc           0%         N/A       54%         2
 Ensorcelled Hibernation  Hex/Ice        0%         N/A       54%         2
 Passwall                 Tmut/Erth      0%         N/A       54%         2
 Poisonous Vapours        Pois/Air       0%         N/A       54%         2
 Sublimation of Blood     Necr           0%         N/A       54%         2
 Confusing Touch          Hex            0%         N/A       77%         3
 Gell's Gravitas          Tloc           0%         N/A       77%         3
 Lesser Beckoning         Tloc           0%         N/A       77%         3
 Portal Projectile        Hex/Tloc       0%         N/A       77%         3
 Swiftness                Air            0%         N/A       77%         3
 Teleport Other           Tloc           0%         N/A       77%         3
 Tukima's Dance           Hex            0%         N/A       77%         3
 Vampiric Draining        Necr           0%         2d6       77%         3
 Animate Dead             Necr           0%         N/A       99%         4
 Manifold Assault         Tloc           0%         N/A       99%         4
 Olgreb's Toxic Radiance  Pois           0%         N/A       99%         4
 Petrify                  Tmut/Erth      0%         N/A       99%         4
 Summon Ice Beast         Ice/Summ       0%         N/A       99%         4
 Blade Hands              Tmut           0%         N/A       100%        5
 Irradiate                Conj/Tmut      0%         3d11      100%        5
 Summon Mana Viper        Hex/Summ       0%         N/A       100%        5
 Haunt                    Necr/Summ      0%         N/A       100%        7
 Monstrous Menagerie      Summ           0%         N/A       100%        7
 Ozocubu's Refrigeration  Ice            0%         4d7       100%        7
 Storm Form               Tmut/Air       0%         N/A       100%        7
 Infestation              Necr           0%         N/A       100%        8


Dungeon Overview and Level Annotations

Branches:
Dungeon (15/15)            Temple (1/1) D:4            Lair (5/5) D:11
  Swamp (1/4) Lair:3        Snake (4/4) Lair:2        Slime (0/5) Lair:4
    Orc (2/2) D:11            Elf (0/3) Orc:2        Vaults (0/5) D:14
 Depths (0/4) D:15

Altars:
Cheibriados
Dithmenos
Elyvilon
Fedhas
Hepliaklqana
Makhleb
Ru
Trog
Vehumet
Wu Jian
Xom
Yredelemnul
Zin
The Shining One
Lugonu

Shops:
D:3 :   D:15 ([((=*[!   Orc:2 ***(

Portals:
Abyss: D:7
Trove: D:10 (give +6 demon trident)

Annotations:
D:5 1 runed translucent door, Notanamesir's ghost, novice BaSu
Snake:4 Vashnia


Innate Abilities, Weirdness & Mutations

You are small and have problems with some larger weapons.
You are completely attuned to the shadows.


Message History

It stops glowing.
Vashnia wields a +2 antimagic longbow.
Vashnia shoots an arrow.
You block the arrow.
You hear an angry hiss.
You hit Vashnia.
Space warps horribly around Vashnia!!
Vashnia is severely wounded.
Vashnia is engulfed in blazing flames.
Vashnia unwields a +2 antimagic longbow.
Vashnia wields a +0 mace of holy wrath.
It softly glows with a divine radiance!
Vashnia completely misses you. x2
You miss Vashnia.
Vashnia is severely wounded.
You hit Vashnia but do no damage.
Space warps around Vashnia!
Vashnia is severely wounded.
Vashnia is engulfed in blazing flames.
Vashnia spits poison at you. The splash of poison hits you.
You are poisoned.
You resist.
You hit Vashnia but do no damage.
Space warps horribly around Vashnia!
Vashnia is almost dead.
You feel sick.
A shock serpent comes into view.
Vashnia is engulfed in blazing flames.
Vashnia says, "Hold still for a moment.
You're making this shot difficult."
Vashnia misses you. Vashnia completely misses you.
You puncture Vashnia!
Vashnia is almost dead.
Vashnia blinks!
You feel sick.
You feel sick.
The shock serpent is engulfed in blazing flames.
The shock serpent bites you! The shock serpent shocks you!
* * * LOW HITPOINT WARNING * * *
The shock serpent's electric aura discharges, shocking you!
* * * LOW HITPOINT WARNING * * *
Vashnia casts a spell at you.
The shock serpent blinks!
Vashnia unwields a +0 mace of holy wrath.
It stops glowing.
Vashnia wields a +2 antimagic longbow.
Vashnia shoots an arrow.
The arrow hits you!!
You die...

.'.....# ...# .#####...)).
#.....###..# .........[..
##.).#....)#. #....###.#..
##.†##.......# #....###.#..
###÷)†#......N.##............
#####).)#.#..###......#########.)
..)...###.#..#).....S #.^N.)
...#### ......☼##§... ####...##
##.# ....).○☼@○... .......#. ...#
......##°##.. #....#... ####
.........# #....#... # ...######
#....#... ##.. ### ##...#### ....
#...##). .... ###N...N †...
#..#.#. .... ...#.NN.


You could see Vashnia and a shock serpent.

Vanquished Creatures
  4 nagarajas
  A stone giant (D:15)
  An eleionoma (Swamp:1)
  A bunyip (Swamp:1)
  Josephine (Lair:5)
  3 hydras
  2 catoblepae (Lair:2)
  8 anacondas
  2 centaur warriors
  2 ogre magi
  3 boulder beetles
  6 death yaks
  8 two-headed ogres
  An alligator (Swamp:1)
  3 tengu warriors
  9 shock serpents
  13 naga warriors
  12 naga sharpshooters
  4 salamander mystics (Snake:3)
  Lodul (D:10)
  4 naga ritualists
  3 bog bodies
  2 wizards
  3 oklob plants (Lair:4)
  12 ugly things
  A will-o-the-wisp (Swamp:1)
  6 cyclopes
  12 mana vipers
  An orc sorcerer (Orc:2)
  2 manticores
  5 salamanders
  10 guardian serpents
  A torpor snail (Lair:3)
  31 black mambas
  9 elephants
  13 naga magi
  17 cane toads
  12 komodo dragons
  A kobold demonologist (D:11)
  3 rime drakes
  An efreet (D:13)
  A tengu conjurer (D:13)
  5 hornets
  23 slime creatures
  6 polar bears
  A wolf spider simulacrum (D:14)
  10 trolls
  Prince Ribbit (D:9)
  22 blink frogs
  13 dream sheep
  A shadow (D:11)
  A centaur simulacrum (D:14)
  15 spriggans
  A water elemental (D:15)
  4 wyverns
  57 yaks
  5 basilisks
  2 vampires
  A human (shapeshifter) (D:9)
  A steam dragon (D:6)
  7 wraiths
  12 vampire mosquitoes
  2 swamp worms (Swamp:1)
  39 nagas
  A warg (Orc:1)
  12 water moccasins
  4 acid dragons
  4 ice beasts
  14 orc warriors
  7 black bears
  23 wolves
  26 ogres
  4 boggarts (Lair:5)
  6 centaurs
  2 kobold brigands (D:7)
  10 bullfrogs
  A gnoll sergeant (D:12)
  4 necrophages
  2 scorpions
  12 wights
  3 killer bees (D:9)
  4 electric eels
  2 howler monkeys
  7 hounds
  13 orc priests
  A gnoll bouda (D:8)
  2 iguanas
  30 orc wizards
  5 adders
  14 gnolls
  2 white imps
  2 ufetubi
  2 worms (D:2)
  5 dart slugs
  90 orcs
  6 endoplasms
  2 giant cockroaches (D:1)
  7 goblins
  5 hobgoblins
  3 quokkas
  4 ball pythons
  4 bats
  2 frilled lizards
  9 kobolds
  6 rats
826 creatures vanquished.

Vanquished Creatures (others)
  An anaconda (Snake:4)
  A wizard (D:14)
  A salamander (Snake:3)
  A vampire (D:9)
  A naga (Snake:4)
  3 bushes (Lair:2)
  6 foxfires (Swamp:1)
  77 fungi
  198 plants
289 creatures vanquished.

Grand Total: 1115 creatures vanquished

Notes
Turn   | Place    | Note
-------+----------+-------------------------------------------
     0 | D:5      | Lanoc the Kobold Delver began the quest for the Orb.
     0 | D:5      | Reached XP level 1. HP: 14/14 MP: 1/1
    78 | D:5      | Reached XP level 2. HP: 19/19 MP: 2/2
    83 | D:5      | Reached skill level 7 in Stealth
    83 | D:5      | Reached XP level 3. HP: 23/23 MP: 3/3
    88 | D:5      | Found a runed translucent door.
    93 | D:5      | Noticed Notanamesir's ghost (novice BaSu)
   108 | D:5      | Noticed a necrophage
   146 | D:4      | Noticed a black bear
   150 | D:4      | Killed a black bear
   151 | D:4      | Reached XP level 4. HP: 29/29 MP: 4/4
   151 | D:4      | Reached XP level 5. HP: 33/33 MP: 5/5
   414 | D:3      | Found Atuallaf's Book Shop.
   621 | D:3      | Found a faded altar of an unknown god.
   624 | D:3      | Prayed at the altar of an unknown god.
   624 | D:3      | Became a worshipper of Cheibriados the Contemplative
   624 | D:3      | Reached * piety under Cheibriados
   820 | D:2      | Reached skill level 8 in Stealth
   820 | D:2      | Reached XP level 6. HP: 38/38 MP: 6/6
   962 | D:2      | Reached skill level 5 in Short Blades
  1236 | D:1      | Reached ** piety under Cheibriados
  2826 | D:4      | Found a staircase to the Ecumenical Temple.
  2834 | Temple   | Entered the Ecumenical Temple
  3235 | D:4      | Found a white marble altar of Elyvilon.
  3421 | D:4      | Identified the +6 dagger of Zin's Anger {vorpal, rF+ Will+}
  3758 | D:5      | Reached XP level 7. HP: 35/44 MP: 7/7
  3834 | D:5      | Reached *** piety under Cheibriados
  3926 | D:5      | Reached skill level 9 in Stealth
  3970 | D:5      | Found a burning altar of Makhleb.
  4482 | D:5      | Reached skill level 5 in Fighting
  4730 | D:6      | Noticed a water moccasin
  4732 | D:6      | Killed a water moccasin
  4733 | D:6      | Reached skill level 5 in Dodging
  4733 | D:6      | Reached skill level 10 in Stealth
  4733 | D:6      | Reached XP level 8. HP: 49/49 MP: 8/8
  4875 | D:6      | Found an ornate altar of the Wu Jian Council.
  4881 | D:6      | Reached **** piety under Cheibriados
  5097 | D:6      | Reached skill level 11 in Stealth
  5350 | D:6      | Reached XP level 9. HP: 23/55 MP: 9/9
  5502 | D:6      | Found a radiant altar of Vehumet.
  5939 | D:7      | Found a one-way gate to the infinite horrors of the Abyss.
  5939 | D:7      | Identified the +9 dagger "Tiull" {distort, rC+}
  5969 | D:7      | Reached skill level 12 in Stealth
  6217 | D:7      | Found a large runed translucent door.
  6217 | D:7      | Found a large runed translucent door.
  6277 | D:7      | Reached ***** piety under Cheibriados
  6362 | D:7      | Reached skill level 13 in Stealth
  7148 | D:7      | Noticed a two-headed ogre
  7194 | D:7      | Found a corrupted altar of Lugonu.
  7205 | D:7      | Reached XP level 10. HP: 63/63 MP: 10/10
  7219 | D:7      | Reached skill level 14 in Stealth
  7338 | D:8      | Found a blossoming altar of Fedhas.
  7500 | D:8      | Reached skill level 15 in Stealth
  7738 | D:8      | Found a glowing golden altar of the Shining One.
  7821 | D:8      | Found a basalt altar of Yredelemnul.
  8239 | D:9      | Reached skill level 1 in Armour
  8335 | D:9      | Noticed a wizard
  8349 | D:9      | Killed a wizard
  8350 | D:9      | Reached XP level 11. HP: 32/69 MP: 11/11
  8570 | D:9      | Noticed Prince Ribbit
  8574 | D:9      | Killed Prince Ribbit
  8675 | D:10     | Entered Level 10 of the Dungeon
  8845 | D:10     | Found a portal to a secret trove of treasure.
  8913 | D:10     | Found a shimmering altar of Xom.
  8929 | D:10     | Noticed Lodul
  8933 | D:10     | Noticed a two-headed ogre
  8944 | D:10     | Killed a two-headed ogre
  8945 | D:10     | Reached skill level 16 in Stealth
  8968 | D:10     | Reached skill level 10 in Dodging
  8982 | D:10     | Killed Lodul
  9008 | D:10     | Reached ****** piety under Cheibriados
  9107 | D:10     | Found a bloodstained altar of Trog.
  9553 | D:10     | Reached skill level 5 in Armour
  9553 | D:10     | Reached skill level 17 in Stealth
  9553 | D:10     | Reached XP level 12. HP: 79/79 MP: 12/12
  9951 | D:11     | Identified the +9 trident of Moderation {vorpal, +Blink rF-
                  | Str+3 Int+2}
 10168 | D:11     | Noticed a two-headed ogre
 10174 | D:11     | Killed a two-headed ogre
 10217 | D:11     | Found a staircase to the Lair.
 10442 | D:11     | Noticed a tengu warrior
 10449 | D:11     | Killed a tengu warrior
 10450 | D:11     | Reached skill level 18 in Stealth
 10450 | D:11     | Reached XP level 13. HP: 63/84 MP: 13/13
 10469 | D:11     | Found the +18 Lear's hauberk
 10957 | D:11     | Found a staircase to the Orcish Mines.
 12430 | D:13     | Noticed a centaur warrior
 12434 | D:13     | Killed a centaur warrior
 12515 | D:13     | Identified the amulet of Enedad {Spirit Fragile +Blink
                  | Will+++ Dex-4}
 12593 | D:13     | Reached skill level 19 in Stealth
 13308 | D:14     | Noticed a centaur warrior
 13311 | D:14     | Killed a centaur warrior
 13476 | D:14     | Found a sacrificial altar of Ru.
 13517 | D:14     | Reached XP level 14. HP: 78/92 MP: 12/14
 13722 | D:14     | Found a hazy altar of Hepliaklqana.
 13960 | D:14     | Found a gate to the Vaults.
 14076 | D:15     | Entered Level 15 of the Dungeon
 14090 | D:15     | Found Retryomp's Antique Armour Shop.
 14172 | D:15     | Found Sixkap's Jewellery Shoppe.
 14177 | D:15     | Bought the ring of Pyromania {rPois rN+ Dex-3 Slay+2} for
                  | 333 gold pieces
 14448 | D:15     | Found Tatote Rorgh's Weapon Shoppe.
 14450 | D:15     | Found Vacy's Antique Armour Emporium.
 14452 | D:15     | Found Toipteo's Antique Weapon Shoppe.
 14575 | D:15     | Found Istruf's Weapon Emporium.
 14577 | D:15     | Found the +3 salamander hide armour {Flames rF++ rC--}
 14592 | D:15     | Learned a level 8 spell: Ignition
 14602 | D:15     | Found Nomy's General Store.
 14605 | D:15     | Bought a scroll of teleportation for 48 gold pieces
 14722 | D:15     | Reached skill level 1 in Fire Magic
 14841 | D:15     | Found Tyug's Distillery.
 14852 | D:15     | Found a shadowy altar of Dithmenos.
 15062 | D:15     | Found a staircase to the Depths.
 15062 | D:15     | Noticed a stone giant
 15065 | D:15     | Killed a stone giant
 15385 | Orc:1    | Entered Level 1 of the Orcish Mines
 15642 | Orc:2    | Entered Level 2 of the Orcish Mines
 15653 | Orc:2    | Found a flickering gateway to a bazaar.
 15659 | Bazaar   | Entered a bazaar
 15664 | Bazaar   | Found Comare's Book Shoppe.
 15684 | Bazaar   | Found Xuohinog's Weapon Shop.
 15689 | Bazaar   | Found Fup Ucs's Book Emporium.
 15694 | Bazaar   | Found Neokluybb's Armour Boutique.
 15704 | Bazaar   | Found Heppicw's Book Emporium.
 16126 | Orc:1    | Reached skill level 20 in Stealth
 16579 | Orc:2    | Reached XP level 15. HP: 95/99 MP: 12/15
 16771 | Orc:2    | Reached skill level 5 in Fire Magic
 17011 | Orc:2    | Found Sirch's General Store.
 17018 | Orc:2    | Found Demant's Assorted Antiques.
 17021 | Orc:2    | Bought a +1 kite shield of fire resistance for 231 gold
                  | pieces
 17050 | Orc:2    | Found Ocij's General Store.
 17058 | Orc:2    | Bought a scroll of teleportation for 36 gold pieces
 17058 | Orc:2    | Bought a potion of might for 48 gold pieces
 17058 | Orc:2    | Bought a scroll of teleportation for 36 gold pieces
 17058 | Orc:2    | Found Kosm's Antique Weapon Shop.
 17107 | Orc:2    | Found a staircase to the Elven Halls.
 17298 | Lair:1   | Entered Level 1 of the Lair of Beasts
 17386 | Lair:1   | Reached skill level 1 in Shields
 18458 | Lair:2   | Reached skill level 15 in Dodging
 18715 | Lair:2   | Found a staircase to the Snake Pit.
 19941 | Lair:3   | Reached XP level 16. HP: 106/106 MP: 16/16
 20387 | Lair:3   | Identified the ring of the Equinox {rC+ rN+ Will+ Dex+5}
 20471 | Lair:3   | Found a staircase to the Swamp.
 21025 | Lair:4   | Found a staircase to the Slime Pits.
 21248 | Lair:4   | Reached skill level 5 in Shields
 21351 | Lair:4   | Found a glowing silver altar of Zin.
 22111 | Lair:5   | Entered Level 5 of the Lair of Beasts
 22550 | Lair:5   | Identified the +1 scale mail "Dicapoz" {Int+5}
 23059 | Lair:5   | Reached XP level 17. HP: 94/112 MP: 13/17
 23091 | Lair:5   | Noticed Josephine
 23099 | Lair:5   | Killed Josephine
 23421 | Lair:5   | Reached skill level 15 in Fighting
 23652 | Swamp:1  | Entered Level 1 of the Swamp
 23770 | Swamp:1  | Reached skill level 10 in Fire Magic
 24005 | Swamp:1  | HP: 3/113 [spriggan rider/+0 spear (15)]
 24331 | Snake:1  | Entered Level 1 of the Snake Pit
 24638 | Snake:1  | Identified the +2 pair of gloves "Xianlegu" {rF- rC- rCorr
                  | Int+7}
 25412 | Snake:1  | Reached skill level 10 in Armour
 27525 | Snake:3  | Reached XP level 18. HP: 64/120 MP: 16/18
 28647 | Snake:4  | Entered Level 4 of the Snake Pit
 29038 | Snake:4  | Noticed Vashnia
 29380 | Snake:4  | Reached skill level 10 in Shields
 29578 | Snake:4  | Shot with an arrow by Vashnia

Illustrated notes

Levels and vault maps discovered:
D:1:      dpeg_arrival_castle, layout_basic, minmay_tromino_v2
D:2:      layout_rooms
D:3:      layout_basic, serial_shops, shop, serial_glass, glass_columns_c,
          glass_columns_a, hellmonk_ecumenical_altar_defaced_shrine,
          hangedman_feature_mirror, serial_bayou_pond_e, solitary_fountain
D:4:      corexii_shack_village, layout_layer_cave, elyvilon_altar_5,
          minmay_temple_entry_drinking_statues
D:5:      layout_basic, lightli_temple_of_fire, hellmonk_ghost_happy_afterlife
D:6:      layout_cave_pods, kennysheep_mini, mainiacjoe_overflow_chevrons
D:7:      due_chaos_kobolds, layout_layer_cave
D:8:      layout_basic, fedhas_bush_and_centaur_altar,
          mainiacjoe_overflow_boulevard, mainiacjoe_overflow_24_doors
D:9:      layout_basic, minmay_fractal_squares_gapless_7, uniq_erolcha,
          uniq_prince_ribbit1
D:10:     layout_long_grid, kennysheep_little_box,
          mainiacjoe_overflow_tiny_flanked, enter_trove_6, uniq_lodul
D:11:     layout_basic, david_lair_generic, orc_0_dummy,
          kennysheep_small_spiral, hellmonk_guarded_unrand_lears
D:12:     layout_layer_cave
D:13:     layout_big_octagon, dk_noncrumbling_4
D:14:     layout_loops_ring, david_vaults_1, nicolae_ru_awakened_eye,
          worldfamousw_hep_ancestral_shrine
D:15:     grunt_enter_depths_snipers, layout_basic, minmay_fountain_box,
          serial_shops, nicolae_shop_behind_doors, shop, shop_fountains,
          nicolae_shop_competitors_out_of_business, shop,
          nicolae_wooded_promenade, nicolae_dithmenos_the_darkroom
Temple:   nicolae_temple_figure_eight
Lair:1:   layout_gridlike, minmay_hedge_maze,
          eino_small_chamber_without_monster, minivault_23,
          serial_bayou_shore_a, serial_bayou_shore_b
Lair:2:   dragon1_lemuel, layout_chaotic_city,
          minmay_snake_entry_guardpost_medium, nicolae_lair_grazing_beasts
          [nicolae_sub_lair_graze_edge, nicolae_sub_lair_graze_edge,
          nicolae_sub_lair_graze_edge, nicolae_sub_lair_graze_edge],
          grunt_megastairs_1
Lair:3:   layout_roguey, skrybe_swamp_entry_bodies
Lair:4:   statuecave_lemuel, layout_hall_layers, minmay_slime_entry_oklob_open,
          basic_altar
Lair:5:   minmay_lair_end_enchanted_forest, layout_gridlike,
          infiniplex_staircase_pool_2, uniq_josephine
Swamp:1:  layout_basic_swamp, evilmike_swamp_ruin_wall
Snake:1:  layout_cave_shapes
Snake:2:  layout_basic
Snake:3:  nicolae_cobra_stairs, layout_misc_corridors, nicolae_triple_integral
Snake:4:  grunt_snake_rune_pools, layout_misc_corridors,
          nicolae_snake_snakes_in_the_grass, minmay_shop_grove, uniq_asterion,
          uniq_vashnia, uniq_saint_roka
Orc:1:    layout_caves, basic_altar
Orc:2:    st_orc_open, layout_diamond_mine, serial_shops, bzr_entry_dummy,
          guppyfry_library_mini

Skill      XL: |  1  2  3  4  5  6  7  8  9 10 11 12 13 14 15 16 17 18 |
---------------+-------------------------------------------------------+-----
Short Blades   | 3 4 5 6 8 |  8.0
Stealth        | 7 8 10 11 13 15 17 18 19 20 | 20.2
Dodging        | 3 4 5 6 7 9 11 12 13 14 15 16 17 | 17.4
Fighting       | 4 5 6 7 8 11 12 13 14 15 16 | 16.2
Armour         | 1 5 7 8 9 10 | 10.6
Fire Magic     | 4 7 9 10 11 | 11.7
Shields        | 3 6 8 10 | 10.0

Action                   |  1- 3 |  4- 6 |  7- 9 | 10-12 | 13-15 | 16-18 || total
-------------------------+-------+-------+-------+-------+-------+-------++-------
Melee: Short sword       |     4 |     1 |       |       |       |       ||     5
       Rapier            |       |   145 |       |       |       |       ||   145
       Punch             |       |     3 |     3 |     4 |    12 |       ||    22
       Dagger            |       |     9 |   211 |   230 |  1022 |   617 ||  2089
Throw: Dart              |       |       |       |     7 |       |       ||     7
 Abil: Evoke Blink       |       |       |       |       |     1 |       ||     1
  Use: Potion            |     1 |       |       |     1 |     7 |     1 ||    10
       Scroll            |       |       |       |    18 |     5 |     9 ||    32
 Stab: Sleeping          |     4 |    36 |    17 |    22 |    48 |     4 ||   131
       Distracted        |       |       |     1 |     2 |     8 |     9 ||    20
       Petrified         |       |       |       |       |     1 |       ||     1
Armor: Leather armour    |       |    21 |    22 |     9 |       |    36 ||    88
       Chain mail        |       |       |       |       |   285 |     8 ||   293
Dodge: Dodged            |       |   113 |   155 |   215 |  1060 |   660 ||  2203
Block: Kite shield       |       |       |       |       |   197 |   619 ||   816

Table legend: (Time is in decaauts)
 A = Elapsed time spent in this place.
 B = Non-inter-level travel time spent in this place.
 C = Inter-level travel time spent in this place.
 D = Time resting spent in this place.
 E = Time spent auto-exploring this place.
 F = Levels seen in this place.
 G = Mean time per level.
                   A        B        C        D        E       F      G
               +--------+--------+--------+--------+--------+-----+--------+
         Total |  47540 |  45553 |   1987 |    620 |  38465 |  29 | 1639.3 |
       Dungeon |  24972 |  23915 |   1057 |      0 |  21193 |  15 | 1664.8 |
        Temple |      1 |      1 |      0 |      0 |      0 |   1 |    1.0 |
          Lair |  11358 |  10838 |    520 |    281 |   8704 |   5 | 2271.6 |
         Swamp |    482 |    482 |      0 |      0 |    369 |   1 |  482.0 |
     Snake Pit |   7841 |   7601 |    240 |    339 |   6123 |   4 | 1960.2 |
  Orcish Mines |   2769 |   2601 |    168 |      0 |   1985 |   2 | 1384.5 |
        Bazaar |    113 |    113 |      0 |      0 |     90 |   1 |  113.0 |
               +--------+--------+--------+--------+--------+-----+--------+

Top non-repeatable levels by time:
    D:11: 2761 daAuts
 Snake:3: 2751 daAuts
  Lair:5: 2554 daAuts
  Lair:2: 2445 daAuts
 Snake:1: 2342 daAuts
     D:7: 2299 daAuts
  Lair:3: 2245 daAuts
 Snake:2: 2102 daAuts
  Lair:1: 2093 daAuts
    D:15: 2062 daAuts
    D:10: 2025 daAuts
  Lair:4: 2019 daAuts
     D:4: 1978 daAuts
    D:12: 1930 daAuts
    D:14: 1823 daAuts
